 Dungeon Crawl Stone Soup version 0.29.1-2-gbd0b4ee654 (webtiles) character file.

Game seed: 7714606078742299130

125 safid the Shooter (level 4, 0/61 HPs)
             Began as a Minotaur Hunter on Nov 17, 2022.
             Slain by a gnoll
             ... wielding a +0 halberd
              (7 damage)
             ... on level 3 of the Dungeon.
             The game lasted 00:02:39 (2151 turns).

safid the Shooter (Minotaur Hunter)                 Turns: 2151, Time: 00:02:40

Health: 0/61       AC: 22    Str: 16    XL:     4   Next: 82%
Magic:  3/3        EV:  2    Int:  6    God:
Gold:   85         SH:  0    Dex: 15    Spells: 3/3 levels left

rFire   . . .      SeeInvis .   a - +0 shortbow
rCold   . . .      Faith    .   (shield currently unavailable)
rNeg    . . .      Spirit   .   (body armour currently unavailable)
rPois   +          Reflect  .   (helmet currently unavailable)
rElec   .          Harm     .   (cloak currently unavailable)
rCorr   .          Rampage  .   (gloves currently unavailable)
Will    .....      NoTele   +   (boots currently unavailable)
Stlth   ++........              (no amulet)
HPRegen 0.20/turn               (no ring)
MPRegen 0.08/turn               (no ring)

@: tree-form
A: stationary, stasis, torment immunity, boosted hp, (horns 2), (retaliatory
headbutt)
a: no special abilities


You were on level 3 of the Dungeon.
You were a tree.
You visited 1 branch of the dungeon, and saw 3 of its levels.

You collected 85 gold pieces.

Inventory:

Hand Weapons
 a - a +0 shortbow (weapon)
Armour
 c - a +0 leather armour (melded)
 d - a +2 pair of gloves (melded)
Jewellery
 n - a ring of willpower
Scrolls
 b - 2 scrolls of immolation
 e - 2 scrolls of poison {unknown}
 g - 2 scrolls of teleportation {unknown}
 k - 2 scrolls of vulnerability {unknown}
 o - a scroll of noise {unknown}
Potions
 f - a potion of might {unknown}
 h - a potion of lignification
 i - a potion of resistance {unknown}
 j - a potion of mutation {unknown}
 l - 2 potions of curing {unknown}
 m - a potion of brilliance {unknown}


   Skills:
 + Level 4.6 Fighting
 + Level 5.7 Ranged Weapons
 - Level 2.1 Dodging
 - Level 0.7 Stealth


You had 3 spell levels left.
You didn't know any spells.
Your spell library contained the following spells:

 Spells                   Type           Power      Damage    Failure   Level
 Ignite Poison            Fire/Tmut/Pois 0%         N/A       83%         3
 Mephitic Cloud           Conj/Pois/Air  0%         N/A       83%         3
 Freezing Cloud           Conj/Ice/Air   0%         6-21      100%        5


Dungeon Overview and Level Annotations

Branches:
Dungeon (3/15)

Altars:

Shops:
D:1 :   D:2 :=[


Innate Abilities, Weirdness & Mutations

You are a tree.
Your roots penetrate the ground, keeping you stationary.
You cannot be teleported.
You are immune to unholy pain and torment.
Your maximum health is greatly increased.
Your equipment is partially melded.
((You have a pair of horns on your head.))
((You reflexively headbutt those who attack you in melee.))


Message History

Fire: a) +0 shortbow
Press: ? - help, Q - select action Shift-Dir - straight line, f/p - gnoll
Aim: a gnoll, wielding a +0 spear (almost dead, 66% to hit)
You shoot an arrow.
The arrow hits the gnoll but does no damage.
The gnoll is almost dead.
The gnoll hits you from afar with a +0 spear.
* * * LOW HITPOINT WARNING * * *
Unknown command.
Fire: a) +0 shortbow
Press: ? - help, Q - select action Shift-Dir - straight line, f/p - gnoll
Aim: a gnoll, wielding a +0 spear (almost dead, 66% to hit)
You shoot an arrow. The arrow hits the gnoll.
You kill the gnoll!
The gnoll hits you from afar with a +0 halberd!
* * * LOW HITPOINT WARNING * * *
It was a potion of lignification.
You turn into a tree.
Your +2 pair of gloves melds into your body.
Your +0 leather armour melds into your body.
Your roots penetrate the ground.
The gnoll hits you but does no damage.
Fire: a) +0 shortbow
Press: ? - help, Q - select action Shift-Dir - straight line, f - gnoll
Aim: a gnoll, wielding a +0 halberd (lightly wounded, 66% to hit)
You shoot an arrow. The arrow hits the gnoll.
The gnoll is heavily wounded.
The gnoll hits you but does no damage.
Fire: a) +0 shortbow
Press: ? - help, Q - select action Shift-Dir - straight line, f/p - gnoll
Aim: a gnoll, wielding a +0 halberd (heavily wounded, 66% to hit)
You shoot an arrow. The arrow hits the gnoll.
The gnoll is heavily wounded.
The gnoll hits you but does no damage.
Fire: a) +0 shortbow
Press: ? - help, Q - select action Shift-Dir - straight line, f/p - gnoll
Aim: a gnoll, wielding a +0 halberd (heavily wounded, 66% to hit)
You shoot an arrow.
The arrow hits the gnoll but does no damage.
The gnoll is heavily wounded.
The gnoll hits you from afar with a +0 halberd!
You die...

### ### #.# #.# #.#
#.######## ..# #.♣)g....#
#.#############.######.#
#.................#
#...............#.#
#.###############.# #.# #.#
#.# #^#
#.###############.######
#.##<.............†....####


You could see a gnoll.

Vanquished Creatures
  A jelly (D:3)
  An adder (D:2)
  3 gnolls (D:3)
  2 worms (D:2)
  A dart slug (D:2)
  2 ball pythons
  An endoplasm (D:3)
  3 giant cockroaches
  5 goblins
  2 hobgoblins (D:2)
  4 jackals (D:2)
  5 quokkas
  4 bats
  11 frilled lizards
  2 kobolds
  2 rats
49 creatures vanquished.

Notes
Turn   | Place    | Note
-------+----------+-------------------------------------------
     0 | D:1      | safid the Minotaur Hunter began the quest for the Orb.
     0 | D:1      | Reached XP level 1. HP: 18/18 MP: 0/0
   206 | D:1      | Reached XP level 2. HP: 19/25 MP: 1/1
   641 | D:1      | Found Ofaize Ush's Book Shoppe.
  1284 | D:2      | Found Omolih's Book Shoppe.
  1317 | D:2      | Found Pauxucohum's Jewellery Shop.
  1359 | D:2      | Reached skill level 5 in Ranged Weapons
  1359 | D:2      | Reached XP level 3. HP: 31/31 MP: 2/2
  1696 | D:2      | Found Ciah Isiotz's Antique Armour Emporium.
  1987 | D:3      | Reached XP level 4. HP: 41/41 MP: 3/3
  2151 | D:3      | Slain by a gnoll

Illustrated notes

Levels and vault maps discovered:
D:1:      lemuel_arrival_lava_pool, layout_loops_corners, serial_shops,
          nicolae_shop_behind_doors, kennysheep_crisscross, minivault_23,
          minmay_lizard_pond
D:2:      layout_loops_cross, serial_shops, nicolae_shop_behind_doors,
          nicolae_shop_stone, shop, hangedman_decor_growths
D:3:      layout_basic, minivault_19

Skill      XL: |  1  2  3 |
---------------+----------+-----
Fighting       | 3 4 |  4.6
Ranged Weapons | 5 |  5.7
Dodging        | |  2.1
Stealth        | |  0.7

Action                   |  1- 3 |  4- 6 || total
-------------------------+-------+-------++-------
 Fire: Shortbow          |   124 |    19 ||   143
  Use: Potion            |       |     1 ||     1
Armor: Leather armour    |    11 |     2 ||    13
       Skin              |       |     3 ||     3
Dodge: Dodged            |    32 |     1 ||    33
